Map: [ESL] Goldenaura

Players

MaxPax - Winner!

  • Race: Protoss Protoss
  • Spawn Location: 12:00

SKillous

  • Race: Protoss Protoss
  • Spawn Location: 5:00

Event: ESL SC2 Masters 2023 Winter (Regional)

VOD

Have the link to the VOD?

Description

Time

  • Played on: Nov. 1, 2023, 1:03 p.m.
  • Length: 8:00

All games in this series

Show
View Real Time Build Order
Export as new Build Order

MaxPax Protoss - Winner!

Build Orders: Proxy Void Ray 

Get SALT Encoding   

  12  0:00  Probe  
  13  0:12  Probe  
  14  0:19  Pylon  
  14  0:24  Probe  
  15  0:37  Probe (Chrono Boost)  
  15  0:38  Gateway  
  16  0:46  Probe (Chrono Boost)  
  16  0:47  Assimilator  
  17  0:51  Probe (Chrono Boost)  
  17  0:55  Assimilator  
  18  1:03  Probe (Chrono Boost)  
  19  1:05  Pylon  
  19  1:13  Probe (Chrono Boost)  
  23  1:25  Zealot  
  23  1:27  Cybernetics Core  
  23  1:29  Probe  
  23  1:41  Probe  
  23  1:46  Gateway  
  24  1:53  Pylon  
  25  2:05  Shield Battery  
  24  2:19  Stargate  
  19  2:31  Probe  
  19  2:37  Adept  
  19  2:43  Probe  
  22  2:47  Shield Battery  
  26  3:06  Void Ray (Chrono Boost), Probe  
  27  3:20  Cybernetics Core  
  27  3:22  Probe  
  28  3:29  Pylon  
  32  3:51  Void Ray (Chrono Boost)  
  33  3:59  Robotics Facility, Probe  
  33  4:09  Pylon  
  33  4:11  Probe  
  34  4:19  Oracle (Chrono Boost)  
  37  4:46  Immortal  
  41  5:13  Void Ray  
  45  5:16  Probe  
  45  5:17  Pylon  
  46  5:35  Immortal (Chrono Boost)  
  52  5:58  Void Ray  
  52  6:04  Pylon  
  52  6:22  Immortal (Chrono Boost)  
  52  6:49  Void Ray  
  52  6:52  Nexus  
  52  6:55  Probe  
  53  7:12  Immortal  
  57  7:17  Probe  
  58  7:29  Probe  
  57  7:42  Probe  
Show
View Real Time Build Order
Export as new Build Order

SKillous Protoss 

Build Orders:  

Get SALT Encoding   

  12  0:00  Probe  
  13  0:12  Probe  
  14  0:24  Probe  
  15  0:33  Pylon  
  15  0:52  Gateway, Forge  
  15  0:57  Gateway  
  15  1:06  Pylon  
  15  1:25  Photon Cannon  
  15  1:26  Photon Cannon  
  15  1:39  Zealot (Chrono Boost)  
  17  1:45  Zealot (Chrono Boost)  
  17  1:46  Probe  
  20  1:58  Assimilator, Probe  
  20  1:59  Zealot (Chrono Boost)  
  23  2:10  Cybernetics Core  
  23  2:14  Probe  
  24  2:26  Probe  
  23  2:36  Assimilator  
  23  2:38  Probe  
  24  2:50  Probe  
  25  2:54  Stalker (Chrono Boost)  
  27  3:02  Pylon, Probe  
  28  3:07  Warp Gate (Chrono Boost)  
  28  3:13  Shield Battery  
  28  3:14  Probe  
  28  3:19  Stalker  
  31  3:21  Shield Battery  
  31  3:26  Probe  
  32  3:30  Stalker  
  34  3:46  Gateway  
  35  3:53  Stalker  
  37  3:57  Pylon  
  37  4:02  Probe  
  37  4:09  Stalker  
  38  4:14  Probe  
  37  4:33  Probe  
  38  4:48  Stalker x2  
  38  4:50  Stalker  
  44  5:07  Nexus  
  44  5:13  Sentry  
  46  5:17  Pylon  
  46  5:19  Probe  
  47  5:31  Twilight Council  
  47  5:33  Sentry  
  45  5:39  Sentry  
  47  5:42  Stalker  
  47  5:47  Probe  
  49  5:56  Pylon  
  48  6:12  Probe  
  48  6:17  Stalker x2  
  49  6:19  Stalker  
  49  6:21  Probe  
  50  6:31  Shield Battery  
  44  6:50  Sentry  
  44  6:51  Probe  
  44  6:52  Probe  
  45  7:06  Gateway  
  45  7:13  Probe  
  45  7:14  Probe  
  47  7:18  Sentry  
  49  7:25  Gateway  
  49  7:26  Probe  
  49  7:28  Probe  
  47  7:42  Stalker  
Tags
 
Add a new tag
Caveats
  • Supply blocks, unpowered buildings, or Contaminate may cause inaccurate times.
  • Supply counts are checked every 10 seconds.